 Dungeon Crawl Stone Soup version 0.25.1-2-g60ff931df9 (webtiles) character file.

Game seed: 2605841915077228996

100 gbos the Chopper (level 4, -1/42 HPs)
             Began as a Naga Fighter on Nov 18, 2020.
             Slain by a wyvern (16 damage)
             ... on level 3 of the Dungeon.
             The game lasted 00:00:20 (1972 turns).

gbos the Chopper (Naga Fighter)                     Turns: 1972, Time: 00:00:20

Health: -1/42      AC:  7    Str: 20    XL:     4   Next: 74%
Magic:  4/4        EV:  5    Int:  8    God:
Gold:   136        SH:  8    Dex: 10    Spells: 3/3 levels left

rFire    . . .     SeeInvis +   Y - +0 war axe
rCold    . . .     Gourm    .   c - +0 kite shield
rNeg     . . .     Faith    +   b - +0 scale mail
rPois    +         Spirit   .   (no helmet)
rElec    .         Reflect  .   (no cloak)
rCorr    .         Harm     .   g - +1 pair of gloves
MR       .....                  (no barding)
Stlth    ..........             f - amulet of faith
HPRegen  0.14/turn              (no ring)
MPRegen  0.09/turn              (no ring)

@: very slow
A: large, see invisible, deformed body, poison resistance, slowness 2, slow
metabolism 1, spit poison 1, AC +1
a: Spit Poison


You were on level 3 of the Dungeon.
You were not hungry.

You visited 1 branch of the dungeon, and saw 3 of its levels.

You collected 136 gold pieces.


Innate Abilities, Weirdness & Mutations

You cannot wear boots.
Your serpentine skin is tough. (AC +1)
You have supernaturally acute eyesight. (SInv)
Armour fits poorly on your strangely shaped body.
Your system is resistant to poisons. (rPois)
You cover ground very slowly.
You have a slow metabolism.
You can spit poison.


   Skills:
 - Level 3.0 Fighting
 + Level 4.8 Axes
 - Level 2.4 Armour
 - Level 2.4 Shields


You had 3 spell levels left.
You didn't know any spells.
Your spell library was empty.

Inventory:

Hand Weapons
 l - a +2 whip of flaming
 Y - a +0 war axe (weapon)
Missiles
 k - 4 boomerangs (quivered)
Armour
 b - a +0 scale mail (worn)
 c - a +0 kite shield (worn)
 g - a +1 pair of gloves (worn)
 o - a +0 helmet
Jewellery
 f - an amulet of faith (around neck)
Scrolls
 j - 2 scrolls of identify
Potions
 a - 3 potions of magic {unknown}
 d - a potion of might
 i - a potion of curing {unknown}
 m - 2 potions of mutation {unknown}
 n - a potion of haste {unknown}
 p - a potion of flight {unknown}
Comestibles
 e - 3 rations
 h - 6 chunks of flesh

Dungeon Overview and Level Annotations

Branches:
Dungeon (3/15)

Altars:
Trog
The Shining One


Message History

1967 ||| INVOKING Spit Poison.
Press: ? - help, Shift-Dir - straight line, f/p - wyvern The splash of poison hits the wyvern.
The wyvern is poisoned.
The wyvern is moderately wounded.
You feel slightly more hungry.
You hit the wyvern but do no damage.
The wyvern is moderately wounded.
You have got your breath back.
The wyvern bites you! x2
You hit the wyvern.
The wyvern is moderately wounded.
You block the wyvern's attack. The wyvern bites you.
You barely miss the wyvern.
The wyvern is moderately wounded.
The wyvern bites you but does no damage.
The wyvern bites you.
You barely miss the wyvern.
The wyvern is heavily wounded.
The wyvern bites you!
You die...

#.# #.# #.# .# #.# #.#
#.# #.# #.# #.# . #.#
#.#
....#####.############..
.>....l@)).............#
#.......................
######################..
#.( #.. #.# #.# #.# #.#


You could see a wyvern (poisoned).

Vanquished Creatures
  4 gnolls (D:2)
  2 worms (D:2)
  A dart slug (D:1)
  A leopard gecko (D:3)
  3 orcs (D:3)
  2 giant cockroaches
  2 goblins
  7 hobgoblins
  8 jackals (D:1)
  5 kobolds
  A ball python (D:1)
  7 bats
  A frilled lizard (D:2)
  5 rats (D:1)
49 creatures vanquished.

Notes
Turn   | Place    | Note
-------+----------+-------------------------------------------
     0 | D:1      | gbos the Naga Fighter began the quest for the Orb.
     0 | D:1      | Reached XP level 1. HP: 21/21 MP: 1/1
     0 | D:1      | 0 ||| counter = 217
    38 | D:1      | 38 ||| Stepping ~*~*~tactically~*~*~ (stealth).
    39 | D:1      | 39 ||| INVOKING Spit Poison.
    40 | D:1      | 40 ||| Stepping ~*~*~tactically~*~*~ (stealth).
    41 | D:1      | 41 ||| Stepping ~*~*~tactically~*~*~ (stealth).
    42 | D:1      | 42 ||| Stepping ~*~*~tactically~*~*~ (stealth).
    43 | D:1      | 43 ||| INVOKING Spit Poison.
    54 | D:1      | 54 ||| INVOKING Spit Poison.
    55 | D:1      | 55 ||| INVOKING Spit Poison.
    61 | D:1      | 61 ||| INVOKING Spit Poison.
    62 | D:1      | 62 ||| INVOKING Spit Poison.
    70 | D:1      | 70 ||| Stepping ~*~*~tactically~*~*~ (stealth).
    71 | D:1      | 71 ||| Stepping ~*~*~tactically~*~*~ (stealth).
    75 | D:1      | 75 ||| INVOKING Spit Poison.
   100 | D:1      | 100 ||| Stepping ~*~*~tactically~*~*~ (stealth).
   101 | D:1      | 101 ||| Stepping ~*~*~tactically~*~*~ (stealth).
   140 | D:1      | 140 ||| Stepping ~*~*~tactically~*~*~ (stealth).
   144 | D:1      | 144 ||| INVOKING Spit Poison.
   145 | D:1      | 145 ||| INVOKING Spit Poison.
   145 | D:1      | Reached XP level 2. HP: 21/28 MP: 2/2
   168 | D:1      | 168 ||| INVOKING Spit Poison.
   169 | D:1      | 169 ||| INVOKING Spit Poison.
   196 | D:1      | 196 ||| INVOKING Spit Poison.
   197 | D:1      | 197 ||| INVOKING Spit Poison.
   205 | D:1      | 205 ||| Stepping ~*~*~tactically~*~*~ (stealth).
   206 | D:1      | 206 ||| INVOKING Spit Poison.
   207 | D:1      | 207 ||| INVOKING Spit Poison.
   228 | D:1      | 228 ||| INVOKING Spit Poison.
   262 | D:1      | 262 ||| INVOKING Spit Poison.
   266 | D:1      | Reached skill level 3 in Axes
   293 | D:1      | 293 ||| INVOKING Spit Poison.
   309 | D:1      | 309 ||| INVOKING Spit Poison.
   314 | D:1      | 314 ||| INVOKING Spit Poison.
   369 | D:1      | 369 ||| INVOKING Spit Poison.
   398 | D:1      | 398 ||| Stepping ~*~*~tactically~*~*~ (stealth).
   448 | D:1      | Reached XP level 3. HP: 24/34 MP: 3/3
   453 | D:1      | 453 ||| Stepping ~*~*~tactically~*~*~ (stealth).
   544 | D:1      | 544 ||| INVOKING Spit Poison.
   549 | D:1      | 549 ||| INVOKING Spit Poison.
   559 | D:1      | 559 ||| INVOKING Spit Poison.
   563 | D:1      | 563 ||| DROPPING +0 club.
   596 | D:1      | 596 ||| INVOKING Spit Poison.
   602 | D:1      | 602 ||| INVOKING Spit Poison.
   603 | D:1      | 603 ||| INVOKING Spit Poison.
   619 | D:1      | 619 ||| INVOKING Spit Poison.
   654 | D:1      | 654 ||| INVOKING Spit Poison.
   734 | D:1      | 734 ||| Stepping ~*~*~tactically~*~*~ (hiding).
   735 | D:1      | 735 ||| Stepping ~*~*~tactically~*~*~ (hiding).
   736 | D:1      | 736 ||| Waiting for ranged monster.
   741 | D:1      | 741 ||| Waiting for ranged monster.
   753 | D:1      | 753 ||| UPGRADING to pair of gloves.
   758 | D:1      | 758 ||| READING scroll labeled CIEWEZ KAREOR.
   763 | D:1      | 763 ||| READING scroll labeled KEUDOA JUOSI.
   764 | D:1      | 764 ||| READING 2 scrolls labeled ZYLAEPL MASA.
   783 | D:2      | 783 ||| INVOKING Spit Poison.
   784 | D:2      | 784 ||| Stepping ~*~*~tactically~*~*~ (hiding).
   785 | D:2      | Found a glowing golden altar of the Shining One.
   791 | D:2      | Reached skill level 4 in Axes
   793 | D:2      | Reached XP level 4. HP: 13/42 MP: 4/4
   869 | D:2      | 869 ||| Stepping ~*~*~tactically~*~*~ (stealth).
   906 | D:2      | 906 ||| FLEEEEING.
   907 | D:2      | 907 ||| STILL FLEEEEING.
   908 | D:2      | 908 ||| STILL FLEEEEING.
   909 | D:2      | 909 ||| STILL FLEEEEING.
   910 | D:2      | 910 ||| STILL FLEEEEING.
   911 | D:2      | 911 ||| STAIRDANCE
  1064 | D:2      | 1064 ||| INVOKING Spit Poison.
  1145 | D:2      | 1145 ||| INVOKING Spit Poison.
  1150 | D:2      | 1150 ||| Stepping ~*~*~tactically~*~*~ (stealth).
  1152 | D:2      | 1152 ||| INVOKING Spit Poison.
  1217 | D:2      | 1217 ||| Stepping ~*~*~tactically~*~*~ (hiding).
  1218 | D:2      | 1218 ||| Stepping ~*~*~tactically~*~*~ (hiding).
  1219 | D:2      | 1219 ||| Waiting for ranged monster.
  1227 | D:2      | 1227 ||| Waiting for ranged monster.
  1367 | D:2      | 1367 ||| INVOKING Spit Poison.
  1691 | D:2      | 1691 ||| EATING 4 rations.
  1708 | D:2      | 1708 ||| READING scroll labeled EMYPRAE ANETWU.
  1709 | D:2      | 1709 ||| READING scroll labeled VUOHE LELUNETI.
  1710 | D:2      | 1710 ||| READING 3 scrolls of identify.
  1710 | D:2      | 1710 ||| IDENTIFYING lumpy pearl amulet
  1711 | D:2      | 1711 ||| UPGRADING to amulet of faith.
  1712 | D:2      | 1712 ||| READING 2 scrolls of identify.
  1712 | D:2      | 1712 ||| IDENTIFYING agate ring
  1713 | D:2      | 1713 ||| DROPPING ring of stealth.
  1760 | D:3      | 1760 ||| INVOKING Spit Poison.
  1767 | D:3      | Found a bloodstained altar of Trog.
  1902 | D:3      | 1902 ||| INVOKING Spit Poison.
  1916 | D:3      | 1916 ||| READING scroll of enchant armour.
  1916 | D:3      | 1916 ||| ENCHANTING +0 pair of gloves.
  1948 | D:3      | 1948 ||| INVOKING Spit Poison.
  1949 | D:3      | 1949 ||| INVOKING Spit Poison.
  1955 | D:3      | Noticed a wyvern
  1956 | D:3      | 1956 ||| Stepping ~*~*~tactically~*~*~ (stealth).
  1957 | D:3      | 1957 ||| INVOKING Spit Poison.
  1966 | D:3      | 1966 ||| INVOKING Spit Poison.
  1967 | D:3      | 1967 ||| INVOKING Spit Poison.
  1972 | D:3      | Slain by a wyvern

Levels and vault maps discovered:
D:1:      mrwooster_arrival_statue_3, layout_basic
D:2:      lemuel_upstairs_altar, layout_loops_ring, tso_metal_star
D:3:      layout_basic, lemuel_crystal_altar, grunt_gozag_statues,
          nrook_loot_triangle

Skill      XL: |  1  2  3 |
---------------+----------+-----
Axes           | 3 4 |  4.8
Fighting       | |  3.0
Armour         | |  2.4
Shields        | |  2.4

Action                   |  1- 3 |  4- 6 || total
-------------------------+-------+-------++-------
Melee: War axe           |    51 |    54 ||   105
Throw: Boomerang         |     3 |    12 ||    15
 Abil: Spit Poison       |    22 |     9 ||    31
  Use: Scroll            |     3 |     5 ||     8
  Eat: Chunk             |       |     2 ||     2
       Ration            |       |     1 ||     1
Armor: Scale mail        |    31 |    16 ||    47
Dodge: Dodged            |    14 |    10 ||    24
Block: Kite shield       |    35 |    33 ||    68

Table legend:
 A = Non-vault XP
 B = Vault XP
 C = Vault XP percentage of total XP
 D = Non-vault monster count
 E = Vault monster count
 F = Vault count percentage of total count
                 A         B        C        D         E       F
            +---------+---------+-------+---------+---------+-------
      Total |     144 |       0 |   0.0 |      49 |       0 |   0.0
            +---------+---------+-------+---------+---------+-------
        D:1 |      49 |       0 |   0.0 |      29 |       0 |   0.0
        D:2 |      79 |       0 |   0.0 |      14 |       0 |   0.0
        D:3 |      16 |       0 |   0.0 |       6 |       0 |   0.0
            +---------+---------+-------+---------+---------+-------
